Map: Abyssal Reef LE

Players

MperorM

  • Race: Terran Terran
  • League: Grandmaster
  • Spawn Location: 5:00

IllllllllllI - Winner!

  • Race: Terran Terran
  • League: Master
  • Spawn Location: 11:00

VOD

Have the link to the VOD?

Description

Time

  • Played on: June 28, 2017, 4:46 a.m.
  • Length: 12:53
Show
View Real Time Build Order
Export as new Build Order

MperorM Terran 

Build Orders: Cyclone Opening, Reaper Expand, Bio Tank 

Get SALT Encoding   

  12  0:00  SCV  
  13  0:12  SCV  
  14  0:17  Supply Depot  
  14  0:24  SCV  
  15  0:29  Refinery  
  15  0:39  SCV  
  16  0:46  Barracks  
  16  0:51  SCV  
  17  1:03  SCV  
  18  1:15  SCV  
  19  1:32  Orbital Command  
  19  1:33  Reaper  
  20  1:46  Command Center  
  20  1:57  Factory  
  20  2:01  SCV  
  21  2:07  Barracks Reactor  
  21  2:13  SCV  
  22  2:15  Supply Depot  
  22  2:19  Refinery  
  22  2:26  SCV  
  23  2:38  SCV  
  23  2:42  Marine  
  23  2:43  Marine  
  23  2:44  Cyclone  
  29  2:50  SCV  
  30  2:58  Orbital Command  
  30  3:00  Marine  
  30  3:01  Marine  
  30  3:04  SCV  
  33  3:09  Starport  
  33  3:16  SCV  
  33  3:18  Marine x2  
  36  3:24  SCV  
  37  3:30  SCV  
  41  3:38  Marine x2, Factory Tech Lab  
  41  3:39  SCV  
  40  3:42  Supply Depot  
  40  3:47  SCV  
  41  3:51  SCV  
  42  3:56  Marine x2  
  42  3:59  SCV  
  45  4:03  Refinery, SCV  
  45  4:04  Cyclone, Raven  
  45  4:06  Barracks  
  51  4:14  Marine x2, SCV  
  54  4:25  SCV  
  54  4:27  SCV  
  53  4:32  Marine x2  
  53  4:37  SCV  
  48  4:39  SCV  
  48  4:49  Marine, SCV  
  48  4:50  Marine  
  48  4:51  SCV  
  50  4:55  Barracks Tech Lab  
  47  5:02  Starport Reactor, SCV  
  47  5:03  SCV  
  47  5:05  Command Center  
  47  5:07  Marine, Siege Tank  
  52  5:14  SCV  
  53  5:15  Marine  
  53  5:16  Stimpack  
  53  5:17  SCV  
  52  5:27  SCV  
  51  5:29  Marine  
  51  5:30  Marine, SCV  
  52  5:37  Medivac  
  52  5:39  SCV  
  53  5:47  Medivac, SCV  
  52  5:50  Marine  
  52  5:51  Marine  
  52  5:53  SCV  
  51  6:02  Marine  
  51  6:03  SCV  
  53  6:04  Engineering Bay  
  53  6:05  Engineering Bay, SCV  
  54  6:20  Supply Depot  
  54  6:24  Barracks  
  54  6:28  SCV  
  54  6:29  Marine x2, SCV  
  52  6:34  Siege Tank  
  53  6:41  Medivac x2, SCV x2  
  55  6:54  Marine x2  
  55  6:55  Marine  
  55  6:56  SCV  
  55  6:58  SCV  
  59  7:06  Terran Infantry Weapons Level 1, Siege Tank  
  59  7:07  Orbital Command  
  62  7:10  Terran Infantry Armor Level 1  
  62  7:14  Barracks Reactor  
  62  7:16  SCV x2  
  62  7:18  Marine x2, Refinery  
  62  7:20  Marine  
  67  7:28  SCV x2  
  69  7:33  SCV  
  70  7:37  Supply Depot  
  70  7:38  Supply Depot, Siege Tank  
  70  7:41  Marine x3  
  70  7:43  SCV  
  77  7:54  Combat Shields  
  77  7:56  Armory  
  77  7:58  Marine x2  
  77  7:59  SCV x3  
  77  8:01  Viking  
  82  8:10  Marine  
  82  8:11  Marine, SCV  
  85  8:13  Siege Tank  
  85  8:14  Refinery, SCV  
  85  8:17  Supply Depot  
  89  8:21  Supply Depot  
  89  8:24  Marine x2  
  91  8:27  SCV  
  91  8:29  Barracks, SCV  
  91  8:30  Barracks  
  93  8:38  Marine x2  
  93  8:39  SCV x2  
  93  8:41  Supply Depot, SCV  
  97  8:42  Supply Depot  
  97  8:43  Marine x2  
  97  8:45  Terran Vehicle Weapons Level 1  
  97  8:47  Marine  
  101  8:51  SCV  
  101  8:56  Marine, SCV  
  90  9:05  Marine  
  90  9:06  Marine, Medivac  
  90  9:07  Siege Tank, Medivac  
  90  9:08  SCV x2  
  98  9:11  Marine  
  98  9:15  Terran Infantry Weapons Level 2  
  99  9:20  Barracks Reactor  
  99  9:21  Barracks Reactor  
  99  9:23  Refinery  
  99  9:26  Marine x2  
  99  9:27  Marine  
  99  9:28  Marine  
  99  9:30  Marine  
  99  9:31  Command Center  
  104  9:33  Supply Depot  
  104  9:34  Terran Infantry Armor Level 2  
  104  9:35  Supply Depot  
  101  9:48  SCV  
  101  9:50  Marine  
  86  9:57  Siege Tank  
  86  9:59  Marine x4  
  89  10:00  Marine x4  
  89  10:01  Viking x2  
  98  10:07  Marine  
  98  10:17  Marine x7  
  103  10:27  Marine x2  
  102  10:29  Siege Tank  
  102  10:35  Marine  
  100  10:36  Orbital Command  
  100  10:42  Marine  
  88  10:43  SCV  
  88  10:46  SCV  
  88  10:52  Marine x7  
  88  10:53  Marine  
  91  11:00  Marine  
  91  11:01  Siege Tank  
  92  11:04  Orbital Command, SCV  
  92  11:10  Marine x3  
  91  11:20  SCV  
  79  11:29  Marine  
  79  11:30  Marine x3  
  76  11:33  Siege Tank  
  76  11:43  Marine x4  
  79  11:47  Marine  
  79  11:48  SCV x3  
  83  12:03  Marine  
  83  12:04  Marine x6  
  83  12:06  Siege Tank  
  93  12:11  Marine  
  93  12:13  Marine  
  95  12:21  Marine  
  96  12:26  Command Center  
  96  12:29  Marine x3  
  99  12:31  Marine  
Show
View Real Time Build Order
Export as new Build Order

IllllllllllI Terran - Winner!

Build Orders: 1/1/1, Bio Tank, Banshee Rush 

Get SALT Encoding   

  12  0:01  SCV  
  13  0:13  SCV  
  14  0:17  Supply Depot  
  14  0:25  SCV  
  15  0:28  Refinery  
  15  0:38  SCV  
  16  0:45  Barracks  
  16  0:50  SCV  
  16  0:57  Refinery  
  17  1:03  SCV  
  18  1:15  SCV  
  19  1:32  Orbital Command, Reaper  
  19  1:38  Factory  
  20  1:47  Supply Depot  
  20  1:57  SCV  
  21  2:10  Barracks Reactor, SCV  
  22  2:22  SCV  
  23  2:26  Starport  
  25  2:31  Factory Tech Lab  
  25  2:34  SCV  
  24  2:37  Supply Depot  
  24  2:45  Marine  
  24  2:46  Marine, SCV  
  27  3:04  Marine x2  
  29  3:07  Cloaking Field  
  29  3:08  Banshee  
  32  3:15  Cyclone  
  35  3:22  Marine x2, SCV  
  38  3:33  Supply Depot  
  38  3:49  Command Center  
  38  3:57  Banshee  
  41  4:13  SCV  
  42  4:25  SCV  
  39  4:39  Marine x2, Factory Tech Lab  
  39  4:40  Raven, SCV  
  35  4:57  Marine x2, Siege Tank  
  40  5:04  Barracks x2  
  40  5:06  Engineering Bay  
  40  5:12  Orbital Command  
  40  5:13  SCV  
  41  5:25  SCV  
  41  5:32  Marine  
  41  5:33  Marine  
  39  5:37  SCV  
  40  5:49  SCV  
  41  5:53  Marine x2  
  41  5:54  Siege Tank  
  49  6:03  SCV x2  
  48  6:08  Barracks Reactor  
  48  6:11  Terran Infantry Weapons Level 1  
  45  6:15  Starport Reactor, SCV x2  
  47  6:27  SCV x2  
  47  6:32  Marine x2  
  49  6:33  Siege Tank  
  49  6:39  SCV x2  
  52  6:51  SCV x2  
  49  6:56  Marine x3, Stimpack, Refinery  
  49  6:57  Medivac  
  49  6:58  Marine x2, Medivac, Refinery  
  58  7:06  SCV x2  
  60  7:09  Supply Depot  
  60  7:15  Marine x2  
  62  7:22  Supply Depot  
  62  7:23  Missile Turret  
  62  7:24  Marine x3  
  62  7:25  Supply Depot  
  65  7:32  SCV x2  
  65  7:34  Marine x2  
  65  7:35  Siege Tank  
  72  7:41  Supply Depot  
  72  7:42  Marine x2  
  74  7:48  Marine  
  75  7:52  Marine x2  
  77  8:00  Marine x2  
  79  8:05  Marine  
  79  8:10  Marine x2  
  82  8:18  Marine x2  
  84  8:20  Terran Infantry Armor Level 1  
  84  8:21  Supply Depot, Command Center  
  84  8:23  Marine  
  84  8:25  Medivac  
  87  8:28  Marine  
  87  8:29  Medivac  
  87  8:30  Siege Tank  
  93  8:36  Marine x3  
  96  8:47  Marine x2  
  98  8:54  Marine x2  
  69  9:02  Marine  
  69  9:05  Marine x2  
  69  9:08  Siege Tank, Medivac x2  
  79  9:13  Marine x2  
  79  9:16  Combat Shields  
  81  9:20  Marine  
  81  9:22  Marine  
  83  9:25  Marine  
  83  9:29  Supply Depot  
  84  9:31  Marine x2  
  86  9:38  Marine  
  84  9:52  Marine x4  
  85  9:56  Marine  
  86  10:08  Siege Tank, Medivac x2  
  86  10:09  Marine  
  86  10:10  Marine x2  
  96  10:26  Marine x2  
  96  10:27  Marine x2  
  95  10:37  Marine  
  95  10:40  Siege Tank  
  94  10:43  Marine x2  
  94  10:45  Marine x2  
  98  10:55  Marine  
  94  11:01  Marine x2  
  94  11:03  Marine x2  
  89  11:13  Marine  
  89  11:19  Marine x2  
  89  11:21  Marine x2  
  86  11:30  Marine  
  80  11:37  Marine x2  
  80  11:39  Marine x2, Siege Tank, Medivac x2  
  82  11:48  Marine  
  83  11:55  Marine x2  
  83  11:56  Marine  
  83  11:57  Marine  
  86  12:06  Marine  
  87  12:11  Siege Tank  
  87  12:12  Marine x2  
  87  12:14  Marine x2  
  94  12:19  Medivac  
  94  12:20  Medivac  
  98  12:24  Marine  
  99  12:30  Marine x2  
  99  12:32  Marine x2  
Tags
 
Add a new tag
Caveats
  • Supply blocks, unpowered buildings, or Contaminate may cause inaccurate times.
  • Supply counts are checked every 10 seconds.